 Dungeon Crawl Stone Soup version 0.17-a0-913-g36eb389 (console) character file.

323 Fusha the Digger (level 6, 0/28 HPs)
             Began as a Vine Stalker Earth Elementalist on May 3, 2015.
             Slain by an adder (3 damage)
             ... on level 4 of the Dungeon.
             The game lasted 00:24:34 (2962 turns).

Fusha the Digger (Vine Stalker Earth Elementalist)  Turns: 2962, Time: 00:24:34

Health: 0/28       AC:  2    Str: 11    XL:     6   Next: 47%
Magic:  0/12       EV: 13    Int: 17    God:
Gold:   121        SH:  0    Dex: 14    Spells: 1 memorised, 11 levels left

rFire  + . .     SeeInvis .     a - 77 stones
rCold  + . .     Clarity  .     b - +0 robe
rNeg   . . .     SustAb   .     (no shield)
rPois  +         Gourm    .     (no helmet)
rElec  +         Spirit   +     (no cloak)
rCorr  +         Warding  .     (no gloves)
rMut   .         Stasis   .     (no boots)
MR     .....                    (no amulet)
Stlth  +++.......               (no ring)
                                o - ring of teleport control

@: resistant, not resistant to hostile enchantments, fairly stealthy
A: fangs 2, regeneration 2, magic shield, antimagic bite, no device heal 3, rot
immunity
a: Evoke Teleport Control


You were on level 4 of the Dungeon.
You were not hungry.

You visited 1 branch of the dungeon, and saw 4 of its levels.

You collected 121 gold pieces.

Inventory:

Missiles
 a - 77 stones (in hand)
Armour
 b - a +0 robe (worn)
 p - a +3 scale mail
Jewellery
 o - a ring of teleport control (left hand)
Magical devices
 v - a wand of confusion (34)
Scrolls
 h - 3 scrolls of recharging {unknown}
 i - 2 scrolls of teleportation {unknown}
 j - a scroll of remove curse {unknown}
 k - a scroll of enchant weapon {unknown}
 r - a scroll of random uselessness {unknown}
 u - a scroll of identify {unknown}
Potions
 d - 2 potions of curing {unknown}
 e - a potion of heal wounds {unknown}
 f - 2 potions of resistance
 g - a potion of might {unknown}
 l - a potion of ambrosia {unknown}
 m - a potion of agility {unknown}
 q - a potion of flight {unknown}
Books
 c - a book of Geomancy

   Spells                             Type                      Level
   a - Sandblast                      Earth                        1
   b - Stoneskin                      Transmutation/Earth          2
   c - Passwall                       Transmutation/Earth          3
   d - Stone Arrow                    Conjuration/Earth            3
   e - Petrify                        Transmutation/Earth          4
   f - Lee's Rapid Deconstruction     Earth                        5
Miscellaneous
 n - a plain deck of summoning
Comestibles
 s - a meat ration
 t - a bread ration


   Skills:
 + Level 2.4 Dodging
 + Level 4.6 Stealth
 + Level 3.8 Spellcasting
   Level 1.0 Transmutations
 * Level 4.8 Earth Magic


You had 11 spell levels left.
You knew the following spells:

 Your Spells              Type           Power        Failure   Level  Hunger
a - Sandblast             Erth           ###...       2%          1    None


Dungeon Overview and Level Annotations

Branches:
Dungeon (4/15)
 Temple: D:4-7

Altars:
Nemelex Xobeh
Sif Muna

Annotations:
D:4 hornqvist's ghost, average FoFi


Innate Abilities, Weirdness & Mutations

You have extremely sharp teeth.
You heal very quickly.
When hurt, damage is shared between your health and your magic reserves.
Your bite disrupts and absorbs the magic of your enemies.
Potions and wands cannot restore your health.
You are immune to rotting.


Message History

Hornqvist's ghost hits you!
Ouch! That really hurt!
Casting: Sandblast
Confirm with . or Enter, or press ? or * to list all spells.
Aiming: Sandblast
Press: ? - help, Shift-Dir - straight line, f/p - hornqvist's ghost
Aim: hornqvist's ghost (severely damaged)
The rocky blast hits hornqvist's ghost.
Hornqvist's ghost is severely damaged.
Hornqvist's ghost hits you.
Drink which item? (? for menu, Esc to quit)
It was a potion of resistance.
You feel protected. Hornqvist's ghost hits you!
* * * LOW HITPOINT WARNING * * *
The adder closely misses you. The adder bites you.
* * * LOW HITPOINT WARNING * * *
The adder bites you.
You die...

#...........)....#..##.#
...#...............).......
....................#..##.#
.#..######.......#### #
#.#...#.... #g#...#.##..
#.#...#.# # #.#..W#.##.###
#...gS@......#
##########.#.#


You could see hornqvist's ghost, an adder and a goblin.

Vanquished Creatures
  An ogre (D:4)
  2 orc wizards (D:3)
  2 gnolls (D:3)
  5 adders
  4 oozes (D:1)
  4 worms
  A giant gecko (D:1)
  4 orcs (D:3)
  9 giant cockroaches
  11 goblins
  6 hobgoblins
  9 jackals
  6 kobolds
  A ball python (D:4)
  6 bats
  3 giant newts
  16 rats
90 creatures vanquished.

Notes
Turn   | Place    | Note
--------------------------------------------------------------
     0 | D:1      | Fusha, the Vine Stalker Earth Elementalist, began the quest for the Orb.
     0 | D:1      | Reached XP level 1. HP: 9/9 MP: 4/4
     1 | D:1      | Found a runed door.
   147 | D:1      | Reached XP level 2. HP: 13/13 MP: 4/6
   330 | D:1      | You fall through a shaft!
   573 | D:2      | Reached XP level 3. HP: 13/16 MP: 1/8
   986 | D:2      | Found a sparkling altar of Nemelex Xobeh.
  1258 | D:1      | Reached XP level 4. HP: 21/21 MP: 4/9
  2130 | D:3      | Reached XP level 5. HP: 21/24 MP: 11/11
  2327 | D:3      | Reached skill level 4 in Earth Magic
  2576 | D:3      | Found a deep blue altar of Sif Muna.
  2811 | D:4      | Gained mutation: You heal very quickly. [Vine Stalker growth]
  2811 | D:4      | Reached XP level 6. HP: 28/28 MP: 9/12
  2920 | D:4      | Noticed an ogre
  2928 | D:4      | Killed an ogre
  2939 | D:4      | Noticed hornqvist's ghost (average FoFi)
  2962 | D:4      | Slain by an adder

Action                   |  1- 3 |  4- 6 || total
-------------------------+-------+-------++-------
Melee: Unarmed           |    70 |   124 ||   194
 Cast: Sandblast         |    44 |    96 ||   140
  Use: Potion            |       |     1 ||     1
 Stab: Sleeping          |     2 |     2 ||     4
  Eat: Bread ration      |       |     2 ||     2
